| TOP OF THE 1ST |
|
Hagerstown Suns batting - Pitching for Kane County Cougars : RHP Jai-guo Xia
|
|
Pitching: RHP Jai-guo Xia
|
|
|
Batting: RHB Victor Cintron
|
0-0: Foul Ball, location: 2F 0-1: SINGLE (Groundball, 6S, EV 69.4 MPH) (infield hit)
|
|
Batting: RHB Antonio Vallez
|
0-0: Called Strike 0-1: Ball 1-1: Ball Victor Cintron is caught stealing 2nd base 2-4 2-1: Foul Ball, location: 2F 2-2: Ball 3-2: Strikes out swinging
|
|
Batting: LHB Chance McWilliams
|
0-0: Ball 1-0: Called Strike 1-1: Swinging Strike 1-2: Ball 2-2: Ball 3-2: Base on Balls
|
|
Batting: RHB Nick Moreno
|
0-0: Foul Ball, location: 2F 0-1: Fly out, F7 (Flyball, 78D, EV 87.5 MPH)
|
| Top of the 1st over - 0 runs, 1 hit, 0 errors, 1 left on base; Hagerstown 0 - Kane County 0 |
| BOTTOM OF THE 1ST |
|
Kane County Cougars batting - Pitching for Hagerstown Suns : RHP Bastien Perrini
|
|
Pitching: RHP Bastien Perrini
|
|
|
Batting: RHB Francisco Gutierrez
|
0-0: Called Strike 0-1: Foul Ball, location: 2F 0-2: Foul Ball, location: 2F 0-2: Strikes out swinging
|
|
Batting: LHB Jeff Trapp
|
0-0: Ball 1-0: Ball 2-0: Ball 3-0: Base on Balls
|
|
Batting: RHB Chad Mendoza
|
0-0: Ball 1-0: Ball 2-0: Ground out 4-3 (Groundball, 34, EV 104.4 MPH) Jeff Trapp to second
|
|
Batting: LHB J.P. Olson
|
0-0: Called Strike 0-1: Foul Ball, location: 2F 0-2: Ball 1-2: Ball 2-2: Strikes out looking
|
| Bottom of the 1st over - 0 runs, 0 hits, 0 errors, 1 left on base; Hagerstown 0 - Kane County 0 |
| TOP OF THE 2ND |
|
Hagerstown Suns batting - Pitching for Kane County Cougars : RHP Jai-guo Xia
|
|
Batting: RHB Naofumi Ishida
|
0-0: Called Strike 0-1: Foul Ball, location: 2F 0-2: Ball 1-2: TRIPLE (Flyball, 9LD, EV 108.1 MPH)
|
|
Batting: RHB Steve Bauman
|
0-0: Ball 1-0: Ground out 4-3 (Groundball, 4, EV 76.9 MPH) Naofumi Ishida scores
|
|
Batting: RHB Jim Towle
|
0-0: Fly out, F2 (Popup, 2LF, EV 93.1 MPH)
|
|
Batting: RHB Scott Skoglund
|
0-0: Called Strike 0-1: Foul Ball, location: 2F 0-2: Foul Ball, location: 2F 0-2: Ball 1-2: Foul Ball, location: 2F 1-2: Strikes out swinging
|
| Top of the 2nd over - 1 run, 1 hit, 0 errors, 0 left on base; Hagerstown 1 - Kane County 0 |
| BOTTOM OF THE 2ND |
|
Kane County Cougars batting - Pitching for Hagerstown Suns : RHP Bastien Perrini
|
|
Batting: SHB John Cummings
|
0-0: Foul Ball, location: 2F 0-1: Foul Ball, location: 2F 0-2: Strikes out swinging
|
|
Batting: RHB Dustin Legault
|
0-0: Swinging Strike 0-1: Ball 1-1: Ball 2-1: Ball 3-1: SINGLE (Groundball, 4MD, EV 103.8 MPH)
|
|
Batting: RHB Gary Hills
|
0-0: Foul Ball, location: 2F 0-1: Fielders Choice at 2nd, 2-6 (Groundball, 13S, EV 70.6 MPH)
|
|
Batting: RHB Ernesto Zamora
|
0-0: Ball Wild Pitch! Gary Hills to second 1-0: Called Strike 1-1: Ball 2-1: Reached on error, E6 (Groundball, 6S, EV 94.4 MPH) Gary Hills to third
|
|
Batting: LHB Enrique Ponce
|
0-0: Ball 1-0: Called Strike 1-1: Called Strike 1-2: Ball 2-2: SINGLE (Flyball, 6MD, EV 86.2 MPH) Gary Hills scores Ernesto Zamora to second Runner from 2nd tries for 3rd, OUT! 8-5
|
| Bottom of the 2nd over - 1 run, 2 hits, 1 error, 1 left on base; Hagerstown 1 - Kane County 1 |
| TOP OF THE 3RD |
|
Hagerstown Suns batting - Pitching for Kane County Cougars : RHP Jai-guo Xia
|
|
Pinch Hitting: RHB Deshawn Boseman
|
0-0: Ball 1-0: Foul Ball, location: 2F 1-1: Ball 2-1: Ground out 5-3 (Groundball, 5L, EV 87.5 MPH)
|
|
Batting: RHB Victor Cintron
|
0-0: Ball 1-0: Called Strike 1-1: Ball 2-1: Ball 3-1: Base on Balls
|
|
Batting: RHB Antonio Vallez
|
0-0: Foul Ball, location: 2F 0-1: Called Strike 0-2: Strikes out looking
|
|
Batting: LHB Chance McWilliams
|
0-0: Ball 1-0: Ball 2-0: Ball 3-0: Base on Balls Victor Cintron to second
|
|
Batting: RHB Nick Moreno
|
0-0: Called Strike 0-1: Fly out, F2 (Popup, 2RF, EV 86.9 MPH)
|
| Top of the 3rd over - 0 runs, 0 hits, 0 errors, 2 left on base; Hagerstown 1 - Kane County 1 |
| BOTTOM OF THE 3RD |
|
Kane County Cougars batting - Pitching for Hagerstown Suns : RHP Bastien Perrini
|
|
Now at 3B: John Gibbs
|
|
|
Batting: RHB Francisco Gutierrez
|
0-0: Ball 1-0: Foul Ball, location: 2F 1-1: Ball 2-1: Foul Ball, location: 2F 2-2: Ball 3-2: Strikes out swinging
|
|
Batting: LHB Jeff Trapp
|
0-0: Called Strike 0-1: Ball 1-1: SINGLE (Groundball, 6D, EV 94.4 MPH)
|
|
Batting: RHB Chad Mendoza
|
0-0: Ball 1-0: Called Strike 1-1: Ball 2-1: Ball Jeff Trapp is caught stealing 2nd base 2-4 3-1: SOLO HOME RUN (Flyball, 7LD, EV 95.6 MPH), Distance : 356 ft
|
|
Batting: LHB J.P. Olson
|
0-0: Called Strike 0-1: Foul Ball, location: 2F 0-2: Ball 1-2: Ball 2-2: Ball 3-2: Foul Ball, location: 2F 3-2: Foul Ball, location: 2F 3-2: SINGLE (Line Drive, 34D, EV 99.4 MPH)
|
|
Batting: SHB John Cummings
|
0-0: Ball 1-0: Ball J.P. Olson is caught stealing 2nd base 2-6
|
| Bottom of the 3rd over - 1 run, 3 hits, 0 errors, 0 left on base; Hagerstown 1 - Kane County 2 |
| TOP OF THE 4TH |
|
Hagerstown Suns batting - Pitching for Kane County Cougars : RHP Jai-guo Xia
|
|
Batting: RHB Naofumi Ishida
|
0-0: Swinging Strike 0-1: SINGLE (Groundball, 56D, EV 105.0 MPH)
|
|
Batting: RHB Steve Bauman
|
0-0: Swinging Strike 0-1: Swinging Strike 0-2: Ball Naofumi Ishida steals 2nd, throwing error, E2 Naofumi Ishida to third 1-2: Ball 2-2: Fly out, F7 (Flyball, 7S, EV 91.9 MPH)
|
|
Batting: RHB Jim Towle
|
0-0: Ball 1-0: 2-RUN HOME RUN (Line Drive, 7D, EV 99.4 MPH), Distance : 394 ft
|
|
Batting: RHB Scott Skoglund
|
0-0: Ball 1-0: Foul Ball, location: 2F 1-1: SINGLE (Flyball, 3D, EV 90.0 MPH)
|
|
Batting: RHB John Gibbs
|
0-0: Ball 1-0: SINGLE (Flyball, 8RS, EV 94.4 MPH) Scott Skoglund to second
|
|
Batting: RHB Victor Cintron
|
0-0: Ground out 5-3 (Groundball, 5, EV 103.1 MPH) Scott Skoglund to third John Gibbs to second
|
|
Batting: RHB Antonio Vallez
|
0-0: Called Strike 0-1: Ball 1-1: Called Strike 1-2: Strikes out swinging
|
| Top of the 4th over - 2 runs, 4 hits, 1 error, 2 left on base; Hagerstown 3 - Kane County 2 |
| BOTTOM OF THE 4TH |
|
Kane County Cougars batting - Pitching for Hagerstown Suns : RHP Bastien Perrini
|
|
Batting: SHB John Cummings
|
0-0: Foul Ball, location: 2F 0-1: Ground out 4-3 (Groundball, 4, EV 90.0 MPH)
|
|
Batting: RHB Dustin Legault
|
0-0: Called Strike 0-1: Hit by Pitch
|
|
Batting: RHB Gary Hills
|
0-0: Ball 1-0: SINGLE (Groundball, 56D, EV 108.8 MPH) Dustin Legault to second
|
|
Batting: RHB Ernesto Zamora
|
0-0: Ball 1-0: Ball 2-0: Ball 3-0: Called Strike 3-1: Called Strike 3-2: Fly out, F9 (Flyball, 89M, EV 89.4 MPH)
|
|
Batting: LHB Enrique Ponce
|
0-0: Fly out, F8 (Flyball, 8RM, EV 95.6 MPH)
|
| Bottom of the 4th over - 0 runs, 1 hit, 0 errors, 2 left on base; Hagerstown 3 - Kane County 2 |
| TOP OF THE 5TH |
|
Hagerstown Suns batting - Pitching for Kane County Cougars : RHP Jai-guo Xia
|
|
Batting: LHB Chance McWilliams
|
0-0: Foul Ball, location: 2F 0-1: Ball 1-1: Foul Ball, location: 2F 1-2: Ball 2-2: Strikes out swinging
|
|
Batting: RHB Nick Moreno
|
0-0: Ball 1-0: Fly out, F8 (Flyball, 8LXD, EV 88.8 MPH)
|
|
Batting: RHB Naofumi Ishida
|
0-0: Ball 1-0: Fly out, F7 (Flyball, 7, EV 88.1 MPH)
|
| Top of the 5th over - 0 runs, 0 hits, 0 errors, 0 left on base; Hagerstown 3 - Kane County 2 |
| BOTTOM OF THE 5TH |
|
Kane County Cougars batting - Pitching for Hagerstown Suns : RHP Bastien Perrini
|
|
Batting: RHB Francisco Gutierrez
|
0-0: Ground out U3 (Groundball, 3S, EV 83.1 MPH)
|
|
Batting: LHB Jeff Trapp
|
0-0: Called Strike 0-1: Ground out 4-3 (Groundball, 4, EV 81.2 MPH)
|
|
Batting: RHB Chad Mendoza
|
0-0: Ball 1-0: Foul Ball, location: 2F 1-1: Ball 2-1: Swinging Strike 2-2: SINGLE (Groundball, 25, EV 68.8 MPH) (infield hit)
|
|
Batting: LHB J.P. Olson
|
0-0: Called Strike 0-1: Ball 1-1: Ball 2-1: Ball 3-1: Base on Balls Chad Mendoza to second
|
|
Batting: SHB John Cummings
|
0-0: Ball 1-0: Called Strike 1-1: Foul Ball, location: 2F 1-2: Strikes out swinging
|
| Bottom of the 5th over - 0 runs, 1 hit, 0 errors, 2 left on base; Hagerstown 3 - Kane County 2 |
| TOP OF THE 6TH |
|
Hagerstown Suns batting - Pitching for Kane County Cougars : RHP Jai-guo Xia
|
|
Batting: RHB Steve Bauman
|
0-0: Ball 1-0: Called Strike 1-1: Foul Ball, location: 2F 1-2: Strikes out swinging
|
|
Batting: RHB Jim Towle
|
0-0: Ball 1-0: Foul Ball, location: 2F 1-1: Called Strike 1-2: Ball 2-2: Strikes out swinging
|
|
Batting: RHB Scott Skoglund
|
0-0: Ball 1-0: Foul Ball, location: 2F 1-1: Ball 2-1: Called Strike 2-2: Strikes out swinging
|
| Top of the 6th over - 0 runs, 0 hits, 0 errors, 0 left on base; Hagerstown 3 - Kane County 2 |
| BOTTOM OF THE 6TH |
|
Kane County Cougars batting - Pitching for Hagerstown Suns : RHP Bastien Perrini
|
|
Pitching: RHP Jordan Amaker
|
|
|
Batting: RHB Dustin Legault
|
0-0: Ground out 6-3 (Groundball, 6, EV 85.0 MPH)
|
|
Batting: RHB Gary Hills
|
0-0: Ball 1-0: Ball 2-0: Foul Ball, location: 2F 2-1: Foul Ball, location: 2F 2-2: Strikes out swinging
|
|
Batting: RHB Ernesto Zamora
|
0-0: Foul Ball, location: 2F 0-1: Ground out 6-3 (Groundball, 6, EV 100.0 MPH)
|
| Bottom of the 6th over - 0 runs, 0 hits, 0 errors, 0 left on base; Hagerstown 3 - Kane County 2 |
| TOP OF THE 7TH |
|
Hagerstown Suns batting - Pitching for Kane County Cougars : RHP Jai-guo Xia
|
|
Batting: RHB John Gibbs
|
0-0: Ball 1-0: Called Strike 1-1: SOLO HOME RUN (Line Drive, 7D, EV 99.4 MPH), Distance : 379 ft
|
|
Batting: RHB Victor Cintron
|
0-0: Ball 1-0: Ground out 6-3 (Groundball, 6, EV 108.1 MPH)
|
|
Batting: RHB Antonio Vallez
|
0-0: Ball 1-0: Ball 2-0: Ball 3-0: Foul Ball, location: 2F 3-1: Called Strike 3-2: Foul Ball, location: 2F 3-2: Ground out 6-3 (Groundball, P, EV 86.2 MPH)
|
|
Batting: LHB Chance McWilliams
|
0-0: Called Strike 0-1: Foul Ball, location: 2F 0-2: SINGLE (Line Drive, 8LS, EV 100.6 MPH)
|
|
Pitching: RHP John Petersen
|
|
|
Batting: RHB Nick Moreno
|
0-0: Called Strike Chance McWilliams steals 2nd base 0-1: SINGLE (Groundball, 6MD, EV 100.0 MPH) Chance McWilliams to third Runner from 3rd tries for Home, SAFE, throw by CF to home
|
|
Batting: RHB Naofumi Ishida
|
0-0: Ball 1-0: Foul Ball, location: 2F 1-1: Fielders Choice at 2nd, 6-4 (Groundball, 6MD, EV 110.0 MPH)
|
| Top of the 7th over - 2 runs, 3 hits, 0 errors, 1 left on base; Hagerstown 5 - Kane County 2 |
| BOTTOM OF THE 7TH |
|
Kane County Cougars batting - Pitching for Hagerstown Suns : RHP Jordan Amaker
|
|
Batting: LHB Enrique Ponce
|
0-0: Ball 1-0: Ball 2-0: Ball 3-0: Called Strike 3-1: Ground out 6-3 (Groundball, 6S, EV 87.5 MPH)
|
|
Batting: RHB Francisco Gutierrez
|
0-0: Called Strike 0-1: Ball 1-1: Ball 2-1: Ball 3-1: Foul Ball, location: 2F 3-2: SINGLE (Popup, 6MD, EV 58.8 MPH)
|
|
Batting: LHB Jeff Trapp
|
0-0: Ball 1-0: Fielders Choice at 2nd, 5-4 (Groundball, 56, EV 98.1 MPH)
|
|
Batting: RHB Chad Mendoza
|
0-0: Called Strike 0-1: Ball 1-1: Swinging Strike 1-2: Foul Ball, location: 2F 1-2: Ball 2-2: Ball Wild Pitch! Jeff Trapp to second 3-2: Fly out, F7 (Flyball, 7D, EV 101.2 MPH)
|
| Bottom of the 7th over - 0 runs, 1 hit, 0 errors, 1 left on base; Hagerstown 5 - Kane County 2 |
| TOP OF THE 8TH |
|
Hagerstown Suns batting - Pitching for Kane County Cougars : RHP John Petersen
|
|
Batting: RHB Steve Bauman
|
0-0: Called Strike 0-1: Swinging Strike 0-2: Foul Ball, location: 2F 0-2: Strikes out swinging, 2-3 out at first.
|
|
Batting: RHB Jim Towle
|
0-0: Ball 1-0: Ball 2-0: Ball 3-0: Called Strike 3-1: Fly out, F8 (Line Drive, 8LD, EV 90.6 MPH)
|
|
Batting: RHB Scott Skoglund
|
0-0: Called Strike 0-1: SINGLE (Groundball, 34D, EV 100.6 MPH)
|
|
Batting: RHB John Gibbs
|
0-0: Ball 1-0: Foul Ball, location: 2F 1-1: Fielders Choice at 2nd, 6-4 (Groundball, 6, EV 89.4 MPH)
|
| Top of the 8th over - 0 runs, 1 hit, 0 errors, 1 left on base; Hagerstown 5 - Kane County 2 |
| BOTTOM OF THE 8TH |
|
Kane County Cougars batting - Pitching for Hagerstown Suns : RHP Jordan Amaker
|
|
Pitching: RHP Danny Hoekenga
|
|
|
Batting: LHB J.P. Olson
|
0-0: Ball 1-0: Ball 2-0: Fly out, F5 (Popup, 5F, EV 78.1 MPH)
|
|
Batting: SHB John Cummings
|
0-0: Ball 1-0: Swinging Strike 1-1: Ball 2-1: Swinging Strike 2-2: Strikes out swinging
|
|
Batting: RHB Dustin Legault
|
0-0: Called Strike 0-1: Ball 1-1: Foul Ball, location: 2F 1-2: Strikes out swinging
|
| Bottom of the 8th over - 0 runs, 0 hits, 0 errors, 0 left on base; Hagerstown 5 - Kane County 2 |
| TOP OF THE 9TH |
|
Hagerstown Suns batting - Pitching for Kane County Cougars : RHP John Petersen
|
|
Pitching: LHP Josh Hubbard
|
|
|
Batting: RHB Victor Cintron
|
0-0: Ball 1-0: Called Strike 1-1: Called Strike 1-2: Strikes out swinging
|
|
Batting: RHB Antonio Vallez
|
0-0: Ball 1-0: Foul Ball, location: 2F 1-1: Ball 2-1: Swinging Strike 2-2: SINGLE (Flyball, 8LS, EV 90.6 MPH)
|
|
Batting: LHB Chance McWilliams
|
0-0: Called Strike 0-1: Ball 1-1: Called Strike 1-2: Fielders Choice at 2nd, 4-6 (Groundball, 4, EV 110.6 MPH)
|
|
Batting: RHB Nick Moreno
|
0-0: Ball 1-0: Called Strike Chance McWilliams is caught stealing 2nd base 2-4
|
| Top of the 9th over - 0 runs, 1 hit, 0 errors, 0 left on base; Hagerstown 5 - Kane County 2 |
| BOTTOM OF THE 9TH |
|
Kane County Cougars batting - Pitching for Hagerstown Suns : RHP Danny Hoekenga
|
|
Pitching: RHP Gareth Cutts
|
|
|
Batting: RHB Gary Hills
|
0-0: Called Strike 0-1: Called Strike 0-2: Strikes out swinging
|
|
Batting: RHB Ernesto Zamora
|
0-0: Ball 1-0: Called Strike 1-1: Swinging Strike 1-2: Strikes out looking
|
|
Batting: LHB Enrique Ponce
|
0-0: Ball 1-0: Foul Ball, location: 2F 1-1: Swinging Strike 1-2: Strikes out looking
|
| Bottom of the 9th over - 0 runs, 0 hits, 0 errors, 0 left on base; Hagerstown 5 - Kane County 2 |
|